 Dungeon Crawl Stone Soup version 0.30-a0-859-gf88a04b62d (webtiles) character file.

Game seed: 7224020639955476211

929 BubbleThief the Firebug (level 8, 0/72 HPs)
             Began as a Naga Cinder Acolyte on Mar 6, 2023.
             Was a High Priest of Ignis.
             Slain by an ogre
             ... wielding a +0 giant club
              (16 damage)
             ... on level 6 of the Dungeon.
             The game lasted 00:07:52 (4795 turns).

BubbleThief the Firebug (Naga Cinder Acolyte)       Turns: 4795, Time: 00:07:52

Health: 0/72       AC: 14    Str: 17    XL:     8   Next: 11%
Magic:  4/14       EV:  9    Int: 16    God:    Ignis [*****.]
Gold:   319        SH:  0    Dex:  7    Spells: 14/16 levels left

rFire   + . .      SeeInvis +    v - +2 flail (protect)
rCold   . . .      Faith    .    (no shield)
rNeg    . . .      Spirit   .    b - +0 robe
rPois   +          Reflect  .    (no helmet)
rElec   .          Rampage  .    (no cloak)
rCorr   .                        (no gloves)
Will    +....                    (no barding)
Stlth   +                        e - amulet of magic regeneration
HPRegen 0.32/turn                n - ring of flight
MPRegen 0.54/turn                q - +4 ring of protection

@: short of breath, fiery-armoured, flying, very slow
A: AC +2, large, see invisible, deformed body, poison resistance, slowness 2,
spit poison 1, naga tail 1
a: Spit Poison, Renounce Religion, Fiery Armour, Foxfire Swarm, Rising Flame


You were on level 6 of the Dungeon.
You worshipped Ignis.
Ignis was extremely pleased with you.
You visited 1 branch of the dungeon, and saw 6 of its levels.

You collected 319 gold pieces.

Inventory:

Hand Weapons
 a - a -1 mace of flaming
 u - a +1 heavy flail
 v - a +2 flail of protection (weapon)
Armour
 b - a +0 robe (worn)
Jewellery
 e - an amulet of magic regeneration (around neck)
 n - a ring of flight (left hand)
 q - a +4 ring of protection (right hand)
Wands
 s - a wand of mindburst (7)
 x - a wand of digging (8)
Scrolls
 c - a scroll of noise {unknown}
 d - 8 scrolls of identify {unknown}
 g - a scroll of fog {unknown}
 h - a scroll of amnesia {unknown}
 p - a scroll of blinking {unknown}
Potions
 f - a potion of degeneration {unknown}
 i - 3 potions of curing {unknown}
 j - a potion of heal wounds {unknown}
 k - 2 potions of lignification {unknown}
 l - 2 potions of cancellation {unknown}
 m - a potion of resistance {unknown}
 o - a potion of might {unknown}
 r - a potion of flight {unknown}
 t - a potion of berserk rage {unknown}
 w - a potion of mutation {unknown}


   Skills:
 + Level 4.0 Fighting
 - Level 3.0 Maces & Flails
 + Level 4.5 Spellcasting
 * Level 7.6 Fire Magic


You had 14 spell levels left.
You knew the following spells:

 Your Spells              Type           Power      Damage    Failure   Level
a - Scorch                Fire           56%        2d7       1%          2

Your spell library contained the following spells:

 Spells                   Type           Power      Damage    Failure   Level
 Necrotise                Necr           12%        1d4       16%         1
 Shock                    Conj/Air       12%        1d3       16%         1
 Swiftness                Air            3%         N/A       43%         3
 Vampiric Draining        Necr           3%         2d6       43%         3
 Airstrike                Air            1%         2d(1-17)  85%         4
 Agony                    Necr           3%         N/A       99%         5


Dungeon Overview and Level Annotations

Branches:
Dungeon (6/15)
 Temple: D:4-7

Altars:
Gozag
Hepliaklqana
Vehumet
Yredelemnul
The Shining One

Annotations:
D:2 1 runed translucent door, Crazy Yiuf
D:3 2 transporters, relicbr's ghost, amateur SpDe
D:5 2 transporters, oldplebian's ghost, novice GnCA


Innate Abilities, Weirdness & Mutations

Your serpentine skin is tough. (AC +2)
You have supernaturally acute eyesight. (SInv)
Armour fits poorly on your strangely shaped body.
Your system is resistant to poisons. (rPois)
You cover ground very slowly.
You can spit poison.
You have a snake-like lower body.


Message History

You kill the river rat!
A river rat comes into view.
The quokka bites you but does no damage.
You closely miss the quokka. The quokka completely misses you.
You barely miss the quokka.
The scorpion is no longer more vulnerable to fire.
The quokka bites you.
The quokka bites you but does no damage.
You barely miss the quokka. The quokka bites you.
A rat comes into view.
You hit the quokka.
Your weapon exudes an aura of protection.
You kill the quokka!
Casting: Scorch (safe; 1% risk of failure)
Confirm with . or Enter, or press ? or * to list all spells.
Flames lash the scorpion.
You kill the scorpion!
You have got your breath back.
The ogre hits you with a +0 giant club!!
Your Fighting skill increases to level 4!
A protective cloak of flame settles atop you.
The ogre hits you with a +0 giant club!
* * * LOW HITPOINT WARNING * * *
The ogre is burned by your cloak of flames.
The ogre is moderately wounded.
Aiming: Spit Poison (1% risk of failure)
Press: ? - help, Shift-Dir - straight line, f/p - ogre
Aim: an ogre, wielding a +0 giant club (moderately wounded, 83% to hit)
The splash of poison hits the ogre.
The ogre is poisoned.
The ogre is moderately wounded.
Unknown command.
Unknown command.
Casting: Scorch (safe; 1% risk of failure)
Confirm with . or Enter, or press ? or * to list all spells.
Flames lash the ogre.
The ogre is severely wounded.
The ogre's fire resistance burns away.
A rat comes into view.
The ogre hits you with a +0 giant club!
You die...

#...#.## ###....####
..........#
.#####†.### ##.###
###...# #.....#
#.....# ###### #.#
#.....###[#.@###...#
#####.##.#.##Orrr..#
#...#.###r##.##r.
####.## ##r ### ##


You could see an ogre (poisoned, combustible), 3 river rats and 3 rats.

Vanquished Creatures
  A black bear (D:4)
  A bullfrog (D:6)
  4 scorpions
  A hound (D:4)
  A jelly (D:5)
  3 orc priests
  Jessica (D:2)
  2 sleepcaps (D:6)
  An orc wizard (D:3)
  A hound zombie (D:3)
  A howler monkey zombie (D:3)
  10 adders
  3 gnolls (D:6)
  A river rat (D:6)
  2 ufetubi
  2 adder zombies (D:3)
  A worm (D:2)
  2 dart slugs (D:5)
  16 orcs
  8 bats
  7 endoplasms
  3 giant cockroaches (D:1)
  8 goblins
  4 hobgoblins
  10 quokkas
  6 ball pythons
  4 frilled lizards
  7 kobolds
  13 rats
124 creatures vanquished.

Vanquished Creatures (others)
  10 fungi (D:6)
10 creatures vanquished.

Grand Total: 134 creatures vanquished

Notes
Turn   | Place    | Note
-------+----------+-------------------------------------------
     0 | D:1      | BubbleThief the Naga Cinder Acolyte began the quest for the
                  | Orb.
     0 | D:1      | Reached XP level 1. HP: 21/21 MP: 2/2
   234 | D:1      | Reached XP level 2. HP: 28/28 MP: 3/3
   778 | D:2      | Noticed Jessica
   780 | D:2      | Reached XP level 3. HP: 34/34 MP: 5/5
   786 | D:1      | Learned a level 2 spell: Scorch
   788 | D:2      | Killed Jessica
   789 | D:2      | Reached skill level 4 in Fire Magic
   868 | D:2      | Found a runed translucent door.
   869 | D:2      | Noticed Crazy Yiuf
   978 | D:2      | Reached XP level 4. HP: 35/42 MP: 2/7
  1241 | D:2      | Found a faded altar of an unknown god.
  1486 | D:3      | Noticed a scorpion
  1553 | D:3      | Reached XP level 5. HP: 49/49 MP: 0/8
  1793 | D:3      | Found a glowing golden altar of the Shining One.
  1926 | D:3      | Reached skill level 5 in Fire Magic
  2128 | D:3      | Found a transporter.
  2129 | D:3      | Noticed relicbr's ghost (amateur SpDe)
  2129 | D:3      | Noticed an ogre
  2136 | D:3      | Found a transporter.
  2149 | D:3      | Reached XP level 6. HP: 52/56 MP: 8/10
  2409 | D:3      | Found a basalt altar of Yredelemnul.
  2453 | D:3      | Found a radiant altar of Vehumet.
  2890 | D:4      | Found a hazy altar of Hepliaklqana.
  2905 | D:4      | Reached skill level 6 in Fire Magic
  3302 | D:4      | Noticed a black bear
  3306 | D:4      | Killed a black bear
  3307 | D:4      | Reached XP level 7. HP: 62/62 MP: 5/12
  3665 | D:5      | Entered Level 5 of the Dungeon
  3679 | D:5      | Found a transporter.
  3684 | D:5      | Found a transporter.
  3689 | D:5      | Noticed oldplebian's ghost (novice GnCA)
  4484 | D:6      | Found an opulent altar of Gozag.
  4526 | D:6      | Reached skill level 7 in Fire Magic
  4747 | D:6      | Reached XP level 8. HP: 72/72 MP: 10/14
  4795 | D:6      | Slain by an ogre

Illustrated notes

Levels and vault maps discovered:
D:1:      lightli_arrival_isolated_outpost, layout_basic
D:2:      minmay_angry_zag, layout_rooms, chequers_ecumenical_altar_lobes,
          uniq_jessica, uniq_crazy_yiuf_cottage
D:3:      layout_basic, nicolae_yredelemnul_corpse_copse, vehumet_crystals,
          tso_altar, gammafunk_ghost_smash
D:4:      layout_cave_pods, minmay_ruined_shrine
D:5:      layout_basic, gammafunk_ghost_stat_death
D:6:      lemuel_ratsnest, layout_rooms, grunt_gozag_breadcrumbs,
          serial_aquarium, aquarium_bridge_straight [aquarium_subvault_bridge,
          aquarium_subvault_window, aquarium_subvault_bridge,
          aquarium_subvault_balcony], aquarium_window_1, aquarium_window_3,
          aquarium_window_fake, aquarium_window_fake, aquarium_view_2b,
          aquarium_view_2f, aquarium_balcony_3b, uniq_eustachio

Skill      XL: |  1  2  3  4  5  6  7  8 |
---------------+-------------------------+-----
Fire Magic     | 4 5 6 7 |  7.6
Spellcasting   | 2 3 4 |  4.5
Fighting       | 4 |  4.0
Maces & Flails | |  3.0

Action                     |  1- 3 |  4- 6 |  7- 9 || total
---------------------------+-------+-------+-------++-------
  Melee: Mace              |    35 |    22 |     5 ||    62
         Flail             |       |       |    12 ||    12
         Punch             |       |       |     1 ||     1
   Cast: Scorch            |     5 |    71 |    58 ||   134
 Invoke: Fiery Armour      |       |       |     1 ||     1
Ability: Spit Poison       |    21 |    15 |    11 ||    47
 Armour: Robe              |    15 |    13 |    26 ||    54
  Dodge: Dodged            |    34 |    36 |    20 ||    90

Table legend: (Time is in decaauts)
 A = Elapsed time spent in this place.
 B = Non-inter-level travel time spent in this place.
 C = Inter-level travel time spent in this place.
 D = Time resting spent in this place.
 E = Time spent auto-exploring this place.
 F = Levels seen in this place.
 G = Mean time per level.
                   A        B        C        D        E       F      G
               +--------+--------+--------+--------+--------+-----+--------+
         Total |   6293 |   6075 |    218 |      0 |   5292 |   6 | 1048.8 |
       Dungeon |   6293 |   6075 |    218 |      0 |   5292 |   6 | 1048.8 |
               +--------+--------+--------+--------+--------+-----+--------+

Top non-repeatable levels by time:
     D:3: 1606 daAuts
     D:4: 1246 daAuts
     D:1: 1055 daAuts
     D:2: 927 daAuts
     D:5: 797 daAuts
     D:6: 658 daAuts
